 Dungeon Crawl Stone Soup version 0.17-a0-1115-g0372368 (webtiles) character file.

60 ewhitman the Skirmisher (level 3, -4/34 HPs)
             Began as a Minotaur Fighter on May 24, 2015.
             Was a Follower of Nemelex Xobeh.
             Slain by ewhitman's ghost (16 damage)
             ... on level 3 of the Dungeon.
             The game lasted 00:07:04 (1652 turns).

ewhitman the Skirmisher (Minotaur Fighter)          Turns: 1652, Time: 00:07:05

Health: -4/34      AC:  6    Str: 21    XL:     3   Next: 80%
Magic:  2/2        EV:  2    Int:  5    God:    Nemelex Xobeh [*.....]
Gold:   76         SH:  9    Dex:  9    Spells: 0 memorised, 2 levels left

rFire  . . .     SeeInvis .     a - +0 long sword
rCold  . . .     Clarity  .     b - +0 scale mail
rNeg   . . .     SustAt   .     c - +0 shield
rPois  .         Gourm    .     (helmet restricted)
rElec  .         Spirit   .     (no cloak)
rCorr  .         Warding  .     (no gloves)
rMut   .         Stasis   .     (no boots)
MR     .....                    (no amulet)
Stlth  ..........               (no ring)
                                (no ring)

@: not resistant to hostile enchantments, extremely unstealthy
A: retaliatory headbutt, horns 2
a: Renounce Religion


You were on level 3 of the Dungeon.
You worshipped Nemelex Xobeh.
Nemelex Xobeh was aware of your devotion.
You were not hungry.

You visited 1 branch of the dungeon, and saw 3 of its levels.

You collected 76 gold pieces.

Inventory:

Hand weapons
 a - a +0 long sword (weapon)
Missiles
 j - 16 arrows of flame
Armour
 b - a +0 scale mail (worn)
 c - a +0 shield (worn)
Scrolls
 f - 4 scrolls of remove curse
 g - 2 scrolls of recharging {unknown}
 h - 3 scrolls of identify {unknown}
 p - a scroll of enchant armour {unknown}
 s - 2 scrolls of blinking {unknown}
 t - a scroll of fear {unknown}
 u - 2 scrolls of random uselessness {unknown}
Potions
 d - a potion of might
 m - a potion of mutation {unknown}
 q - a potion of brilliance {unknown}
 r - a potion of haste {unknown}
Miscellaneous
 l - a plain deck of war
Comestibles
 e - a bread ration
 i - a meat ration
 k - 2 royal jellies
 n - a slice of pizza
 o - 4 chunks of flesh


   Skills:
 + Level 4.4 Fighting
 * Level 4.3 Long Blades
 - Level 3.6 Armour
 - Level 3.6 Shields


You had 2 spell levels left.
You didn't know any spells.

Dungeon Overview and Level Annotations

Branches:
Dungeon (3/15)

Altars:
Nemelex Xobeh
Trog

Annotations:
D:3 ewhitman's ghost, experienced MiFi


Innate Abilities, Weirdness & Mutations

You reflexively headbutt those who attack you in melee.
You have a pair of horns on your head.


Message History

Ewhitman's ghost hits you!
You hit ewhitman's ghost.
Ewhitman's ghost is lightly damaged.
Ewhitman's ghost whispers, "Trust me.
Just give in."
You block ewhitman's ghost's attack.
You slash ewhitman's ghost! You headbutt ewhitman's ghost.
Ewhitman's ghost is moderately damaged.
Ewhitman's ghost hits you. x2
You hit ewhitman's ghost but do no damage.
You headbutt ewhitman's ghost, but do no damage.
Ewhitman's ghost is moderately damaged.
Ewhitman's ghost hits you! Ewhitman's ghost completely misses you.
Ewhitman's ghost whispers, "There is no future for you."
Ewhitman's ghost shrieks, "You will join me soon!"
There is a stone staircase leading up here.
You can't go down here!
Ewhitman's ghost hits you!
You die...
Your body glows slightly and disappears.

#...... #.....#
#.....# .# #.....#
.# #.....#######.#
####.............#
.................#
............W@...+
.....##..........#
... #..........# .
#..........#
#..........#
#..........#
########.....#
######


You could see ewhitman's ghost.

Vanquished Creatures
  2 adders (D:2)
  2 worms (D:2)
  7 bats
  A giant cockroach (D:1)
  3 hobgoblins
  4 jackals (D:1)
  4 kobolds
  A ball python (D:2)
  3 giant newts
  4 goblins
  9 rats
40 creatures vanquished.

Notes
Turn   | Place    | Note
--------------------------------------------------------------
     0 | D:1      | ewhitman the Minotaur Fighter began the quest for the Orb.
     0 | D:1      | Reached XP level 1. HP: 19/19 MP: 0/0
   219 | D:1      | Reached XP level 2. HP: 21/27 MP: 1/1
   362 | D:1      | Reached skill level 4 in Fighting
   366 | D:1      | Found a sparkling altar of Nemelex Xobeh.
   423 | D:1      | Became a worshipper of Nemelex Xobeh the Trickster
   472 | D:1      | Received a gift from Nemelex Xobeh
   783 | D:2      | Reached XP level 3. HP: 33/33 MP: 2/2
  1266 | D:2      | Noticed a moth of wrath
  1270 | D:2      | Found a bloodstained altar of Trog.
  1639 | D:3      | Noticed ewhitman's ghost (experienced MiFi)
  1652 | D:3      | Slain by ewhitman's ghost

Vault maps used:
D:1:      nagdon_arrival_double_spiral, nemelex_diamond_rough_becter
D:2:      tgw_trog
D:3:      first_bread

Action                   || total
-------------------------++-------
Melee: Long sword        ||   104
  Use: Scroll            ||     1
  Eat: Chunk             ||     2
